 Dungeon Crawl Stone Soup version 0.29.0-11-gd7f09526c8 (webtiles) character file.

Game seed: 8699943491646257035

9020 LustLizard the Fighter (level 11, -4/97 HPs)
             Began as a Hill Orc Fire Elementalist on Sept 3, 2022.
             Was a Believer of Beogh.
             Slain by Harold
             ... wielding a +0 mace
              (15 damage)
             ... on level 11 of the Dungeon.
             The game lasted 00:38:50 (14134 turns).

LustLizard the Fighter (HOFE)                      Turns: 14134, Time: 00:38:51

Health: -4/97      AC:  8    Str: 12    XL:     11   Next: 40%
Magic:  12/16      EV: 11    Int: 23    God:    Beogh [**....]
Gold:   519        SH:  3    Dex: 11    Spells: 1/17 levels left

rFire   + . .      SeeInvis .   S - +7 dagger of Doom {freeze, Fragile rF+ rC++ Int+4}
rCold   + + .      Faith    .   K - +0 buckler
rNeg    . . .      Spirit   .   C - +0 leather armour
rPois   +          Reflect  .   m - +0 helmet
rElec   .          Harm     .   (no cloak)
rCorr   .          Rampage  .   (no gloves)
Will    .....                   (no boots)
Stlth   ++........              j - amulet of magic regeneration
HPRegen 0.26/turn               q - ring of poison resistance
MPRegen 0.55/turn               w - +4 ring of protection

@: marked
A: no striking features
a: Renounce Religion, Smiting


You were on level 11 of the Dungeon.
You worshipped Beogh.
Beogh was pleased with you.
You visited 2 branches of the dungeon, and saw 12 of its levels.
You also visited: Sewer and Bailey.

You collected 519 gold pieces.

Inventory:

Hand Weapons
 f - a +0 dagger
 u - a +1 dagger of venom
 v - a +1 war axe
 x - a +2 short sword of speed
 P - a +3 hand axe of freezing
 S - the +7 dagger of Doom (weapon) {freeze, Fragile rF+ rC++ Int+4}
   (You found it on level 9 of the Dungeon)

   It freezes those it strikes, dealing additional cold damage.
   It can also slow down cold-blooded creatures.
   Int:       It affects your intelligence (+4).
   rF:        It protects you from fire.
   rC:        It greatly protects you from cold.
   Fragile:   It will be destroyed if unequipped.
Missiles
 F - 3 boomerangs of dispersal
 L - 4 throwing nets
Armour
 a - a +0 robe
 m - a +0 helmet (worn)
 C - a +0 leather armour (worn)
 K - a +0 buckler (worn)
Jewellery
 j - an amulet of magic regeneration (around neck)
 q - a ring of poison resistance (left hand)
 s - a ring of protection from fire
 w - a +4 ring of protection (right hand)
 D - an amulet of regeneration
 O - a +4 ring of evasion
 Q - a ring of protection from fire
 W - a +6 ring of dexterity
Wands
 H - a wand of iceblast (9)
 J - a wand of polymorph (12)
 N - a wand of mindburst (21)
 U - a wand of charming (7)
Scrolls
 c - 2 scrolls of magic mapping {unknown}
 d - a scroll of fear {unknown}
 e - 6 scrolls of fog
 i - 9 scrolls of teleportation
 k - a scroll of noise {unknown}
 o - 3 scrolls of enchant weapon
 p - a scroll of acquirement {unknown}
 r - 2 scrolls of enchant armour {unknown}
 y - 2 scrolls of vulnerability {unknown}
 A - a scroll of poison {unknown}
 B - a scroll of brand weapon {unknown}
 I - a scroll of amnesia {unknown}
 M - 2 scrolls of immolation {unknown}
Potions
 b - a potion of magic
 g - 3 potions of mutation
 h - 2 potions of degeneration
 l - 4 potions of brilliance
 n - 2 potions of might
 t - 3 potions of attraction
 z - 2 potions of resistance
 E - 3 potions of flight
 G - a potion of haste
 R - 3 potions of curing
 T - a potion of berserk rage {unknown}
 V - a potion of heal wounds


   Skills:
 * Level 9.4 Fighting
 - Level 7.9 Axes
 - Level 1.5 Dodging
 - Level 4.0 Stealth
 - Level 3.8 Spellcasting
 * Level 7.7 Conjurations
 - Level 8.0 Fire Magic
 * Level 1.3 Earth Magic
 * Level 5.1 Invocations
 * Level 6.6 Evocations


You had one spell level left.
You knew the following spells:

 Your Spells              Type           Power      Damage    Failure   Level
a - Foxfire               Conj/Fire      100%       2x1d9     1%          1
b - Conjure Flame         Conj/Fire      40%        6-21      2%          3
c - Flame Wave            Conj/Fire      40%        2d11      8%          4
d - Lehudib's Crystal Sp  Conj/Erth      12%        10d4      100%        8

Your spell library contained the following spells:

 Spells                   Type           Power      Damage    Failure   Level
 Scorch                   Fire           82%        2d9       1%          2
 Static Discharge         Conj/Air       22%        3-6/arc   6%          2
 Sticky Flame             Conj/Fire      40%        2d6       8%          4
 Inner Flame              Hex/Fire       22%        N/A       11%         3
 Ignite Poison            Fire/Tmut/Pois 16%        N/A       19%         3
 Sublimation of Blood     Necr           4%         N/A       28%         2
 Wereblood                Tmut           4%         N/A       28%         2
 Call Canine Familiar     Summ           4%         N/A       50%         3
 Portal Projectile        Hex/Tloc       8%         N/A       50%         3
 Summon Guardian Golem    Hex/Summ       4%         N/A       50%         3
 Irradiate                Conj/Tmut      11%        3d15      73%         5
 Leda's Liquefaction      Hex/Erth       3%         N/A       82%         4
 Cause Fear               Hex            2%         N/A       88%         4
 Dispel Undead            Necr           4%         3d7       88%         4
 Passage of Golubria      Tloc           4%         N/A       88%         4
 Blade Hands              Tmut           2%         N/A       99%         5
 Silence                  Hex/Air        2%         N/A       99%         5
 Dragon Form              Tmut           2%         N/A       100%        7
 Orb of Destruction       Conj           19%        9d8       100%        7
 Spellforged Servitor     Conj/Summ      11%        N/A       100%        7
 Summon Hydra             Summ           2%         N/A       100%        7
 Dragon's Call            Summ           2%         N/A       100%        9


Dungeon Overview and Level Annotations

Branches:
Dungeon (11/15)            Temple (1/1) D:4           Sewer (visited)
 Bailey (visited)
   Lair: D:8-11         Orc: D:9-12

Altars:
Ashenzari
Elyvilon
Fedhas
Gozag
Kikubaaqudgha
Makhleb
Nemelex Xobeh
Okawaru
Qazlal
Uskayaw
Xom
The Shining One

Shops:
D:1 =

Annotations:
D:6 2 runed translucent doors, freelancePsychic's ghost, novice DgWn
D:11 Harold


Message History

A sentinel's mark forms upon you.
Casting: Foxfire (safe; 1% risk of failure)
Confirm with . or Enter, or press ? or * to list all spells.
You conjure some foxfire!
The foxfire hits Harold.
Harold resists.
Harold is lightly wounded.
The foxfire hits Harold.
Harold resists.
Harold is lightly wounded.
Harold hits you but does no damage.
Casting: Foxfire (safe; 1% risk of failure)
Confirm with . or Enter, or press ? or * to list all spells.
You conjure some foxfire!
The foxfire hits Harold.
Harold resists.
Harold is lightly wounded.
The foxfire hits Harold.
Harold completely resists.
Harold is lightly wounded.
Harold barely misses you.
Casting: Foxfire (safe; 1% risk of failure)
Confirm with . or Enter, or press ? or * to list all spells.
You conjure some foxfire!
The foxfire hits Harold.
Harold resists.
Harold is lightly wounded.
The foxfire hits Harold but does no damage.
Harold is lightly wounded.
Harold hits you with a +0 mace!!
* * * LOW HITPOINT WARNING * * *
Casting: Foxfire (safe; 1% risk of failure)
Confirm with . or Enter, or press ? or * to list all spells.
You conjure some foxfire!
The foxfire hits Harold.
Harold resists.
Harold is lightly wounded.
The foxfire hits Harold.
Harold resists.
Harold is moderately wounded.
Harold hits you with a +0 mace!
* * * LOW HITPOINT WARNING * * *
Casting: Foxfire (safe; 1% risk of failure)
Confirm with . or Enter, or press ? or * to list all spells.
You conjure some foxfire!
The foxfire hits Harold but does no damage.
Harold is lightly wounded.
The foxfire hits Harold but does no damage.
Harold is lightly wounded.
Harold hits you with a +0 mace!
You die...

#. #. . ###.. ##..
... .....# ###....
#.. ....##...[. #..
....... ##... ###@v§#
.....####...@#
...........v§## .
..............# ...
#.........#..###....
#......######........
#@...## #........
.... ##....... #..
....... .# ..###..


You could see Harold (ally target).

Vanquished Creatures
  2 two-headed ogres
  An elephant (D:10)
  Maurice (D:8)
  3 trolls (D:10)
  Grinder (D:4)
  2 polar bears (D:9)
  9 yaks (D:8)
  Menkaure (D:5)
  An acid dragon (D:10)
  2 water moccasins (D:8)
  3 orc warriors
  3 ice beasts
  2 black bears
  An ogre (D:5)
  4 centaurs
  A wolf (D:9)
  2 phantoms (D:6)
  4 kobold brigands
  Blork the orc (D:4)
  A bullfrog (D:7)
  2 gnoll sergeants
  3 scorpions
  7 wights
  17 killer bees
  An electric eel (D:9)
  3 orc priests (D:7)
  2 hounds (Bailey)
  2 jellies (D:6)
  Jessica (D:3)
  7 iguanas
  Natasha (D:3)
  7 orc wizards
  A killer bee simulacrum (D:9)
  10 gnolls
  15 adders
  A shadow imp (D:5)
  2 white imps
  A howler monkey simulacrum (D:9)
  An ufetubus (D:4)
  4 worms
  2 dart slugs
  14 orcs
  4 endoplasms
  5 giant cockroaches
  8 goblins
  8 hobgoblins
  4 quokkas
  11 ball pythons
  3 bats
  2 frilled lizards
  18 kobolds
  7 rats
219 creatures vanquished.

Vanquished Creatures (collateral kills)
  2 foxfires (Bailey)
2 creatures vanquished.

Vanquished Creatures (others)
  An orc priest (D:7)
  An orc (D:7)
  1113 foxfires
1115 creatures vanquished.

Grand Total: 1336 creatures vanquished

Notes
Turn   | Place    | Note
-------+----------+-------------------------------------------
     0 | D:1      | LustLizard the Hill Orc Fire Elementalist began the quest
                  | for the Orb.
     0 | D:1      | Reached XP level 1. HP: 14/14 MP: 3/3
   451 | D:1      | Reached XP level 2. HP: 21/22 MP: 0/4
   610 | D:1      | Reached skill level 1 in Fighting
   994 | D:1      | Found Ceyruyd's Jewellery Shop.
  1374 | D:2      | Reached XP level 3. HP: 23/28 MP: 3/5
  1737 | D:2      | Learned a level 3 spell: Conjure Flame
  1902 | D:2      | Reached skill level 2 in Fighting
  2219 | D:3      | Noticed Jessica
  2227 | D:3      | Killed Jessica
  2228 | D:3      | Reached XP level 4. HP: 33/36 MP: 3/6
  2672 | D:3      | Noticed Natasha
  2680 | D:3      | Killed Natasha
  2681 | D:3      | Reached XP level 5. HP: 41/42 MP: 7/7
  2743 | D:3      | Found an opulent altar of Gozag.
  2743 | D:3      | Found a blossoming altar of Fedhas.
  3098 | D:4      | Reached skill level 1 in Axes
  3125 | D:4      | Noticed Grinder
  3170 | D:4      | Found a glowing drain.
  3201 | Sewer    | Entered a sewer
  3293 | Sewer    | Noticed a kobold brigand
  3306 | Sewer    | Killed a kobold brigand
  3307 | Sewer    | Reached skill level 3 in Fighting
  3307 | Sewer    | Reached XP level 6. HP: 44/51 MP: 6/9
  3729 | D:4      | Noticed Blork the orc
  3822 | D:4      | Found a staircase to the Ecumenical Temple.
  3834 | Temple   | Entered the Ecumenical Temple
  3877 | D:4      | You fall into a shaft and drop 1 floor!
  3877 | D:5      | Entered Level 5 of the Dungeon
  3969 | D:4      | Killed Blork the orc
  3970 | D:4      | Reached XP level 7. HP: 58/58 MP: 6/10
  4228 | D:4      | Found a burning altar of Makhleb.
  4316 | D:4      | Paralysed by Grinder for 5 turns
  4344 | D:4      | Killed Grinder
  4345 | D:4      | Reached skill level 4 in Fighting
  4345 | D:4      | Reached skill level 5 in Fire Magic
  4463 | D:4      | Learned a level 4 spell: Flame Wave
  4865 | D:5      | Found an iron altar of Okawaru.
  5057 | D:5      | Reached XP level 8. HP: 67/67 MP: 8/11
  5095 | D:5      | Reached skill level 1 in Evocations
  5371 | D:5      | Reached skill level 5 in Fighting
  5641 | D:5      | Noticed Menkaure
  5646 | D:5      | Killed Menkaure
  5868 | D:5      | Noticed a two-headed ogre
  5993 | D:5      | Killed a two-headed ogre
  5994 | D:5      | Reached skill level 6 in Fighting
  5994 | D:5      | Reached skill level 5 in Axes
  5994 | D:5      | Reached XP level 9. HP: 75/75 MP: 5/13
  6066 | D:5      | Reached skill level 5 in Conjurations
  6493 | D:6      | Found a large runed translucent door.
  6493 | D:6      | Found a large runed translucent door.
  6495 | D:6      | Noticed freelancePsychic's ghost (novice DgWn)
  6735 | D:7      | Became a worshipper of Beogh the Brigand
  7463 | D:7      | Reached skill level 7 in Fighting
  7623 | D:7      | Reached * piety under Beogh
  8090 | D:8      | Reached XP level 10. HP: 86/86 MP: 12/15
  8801 | D:8      | Noticed Maurice
  9177 | D:8      | Reached skill level 5 in Evocations
  9488 | D:8      | Reached skill level 8 in Fighting
  9599 | D:8      | HP: 2/88 [something (16)]
  9604 | D:8      | Killed Maurice
  9605 | D:8      | Reached skill level 1 in Invocations
 10221 | D:9      | Reached ** piety under Beogh
 10855 | D:9      | Reached XP level 11. HP: 81/95 MP: 13/16
 11250 | D:9      | Identified the +7 dagger of Doom {freeze, Fragile rF+ rC++
                  | Int+4}
 11543 | D:9      | Noticed a two-headed ogre
 11557 | D:9      | Killed a two-headed ogre
 11558 | D:9      | Reached skill level 9 in Fighting
 12054 | D:10     | Entered Level 10 of the Dungeon
 12166 | D:10     | Found a flagged portal.
 12176 | Bailey   | Entered a bailey
 12844 | D:10     | Learned a level 8 spell: Lehudib's Crystal Spear
 12898 | D:10     | Found a hide-covered altar of Uskayaw.
 13114 | D:10     | Found a white marble altar of Elyvilon.
 13389 | D:11     | Noticed Harold
 13440 | D:11     | Noticed a death yak
 13458 | D:10     | Reached skill level 1 in Earth Magic
 13458 | D:10     | Reached skill level 5 in Invocations
 13947 | D:11     | Noticed a skeletal warrior
 13947 | D:11     | Noticed a skeletal warrior
 13947 | D:11     | Noticed a skeletal warrior
 13947 | D:11     | Noticed a skeletal warrior
 14134 | D:11     | Slain by Harold

Illustrated notes

Levels and vault maps discovered:
D:1:      lightli_molten_gateway, layout_loops_ring, serial_shops, shop,
          hex_medium
D:2:      layout_basic
D:3:      layout_basic, gammafunk_temple_overflow_statue, grunt_ministairs_13,
          uniq_natasha, uniq_jessica
D:4:      layout_loops_ring, mainiacjoe_overflow_brackets,
          minmay_temple_entry_stoned_glass, cheibrodos_sewer_entry_sluice,
          dreamdust_princess_bridge, uniq_blork_the_orc, uniq_grinder
D:5:      minmay_chambers_of_fours, layout_layer_cave,
          okawaru_metal_pillars_1_2, uniq_menkaure
D:6:      layout_cave_pools, ebering_ghost_disaster_area
D:7:      layout_cave_pods
D:8:      layout_gridville, uniq_maurice
D:9:      layout_long_grid, serial_ice, serial_ice_g, serial_ice_c,
          serial_ice_o, serial_ice_j
D:10:     layout_long_grid, lemuel_doored_altar,
          mainiacjoe_overflow_surrounded_room, enter_bailey_2
D:11:     layout_layer_cave, david_lair_generic,
          minmay_fractal_squares_gapless_5, uniq_harold, uniq_fannar
Temple:   lightli_temple_of_artemis

Skill      XL: |  1  2  3  4  5  6  7  8  9 10 11 |
---------------+----------------------------------+-----
Fighting       | 1 2 3 4 6 7 8 9 |  9.4
Stealth        | 2 3 4 |  4.0
Conjurations   | 2 3 4 5 7 |  7.7
Fire Magic     | 4 5 6 7 8 |  8.0
Axes           | 2 4 5 6 7 |  7.9
Spellcasting   | 2 3 |  3.8
Evocations     | 3 4 5 6 |  6.6
Invocations    | 3 5 |  5.1
Earth Magic    | 1 |  1.3
Dodging        | |  1.5

Action                   |  1- 3 |  4- 6 |  7- 9 | 10-12 || total
-------------------------+-------+-------+-------+-------++-------
Melee: Unarmed           |     9 |       |       |       ||     9
       Dagger            |    35 |    49 |       |    37 ||   121
       Short sword       |       |       |    88 |       ||    88
       Punch             |       |       |     3 |       ||     3
       Hand axe          |       |       |       |    60 ||    60
       War axe           |       |       |       |    24 ||    24
 Cast: Foxfire           |    51 |    77 |   220 |   287 ||   635
       Flame Wave        |       |       |     6 |     5 ||    11
Invok: Convert to Beogh  |       |       |     1 |       ||     1
  Use: Scroll            |     3 |     3 |     5 |     5 ||    16
       Potion            |       |     4 |     6 |     1 ||    11
 Stab: Sleeping          |     1 |       |       |     1 ||     2
Armor: Robe              |     8 |    17 |     6 |       ||    31
       Leather armour    |       |       |    24 |    80 ||   104
Dodge: Dodged            |    31 |    29 |    86 |   153 ||   299
Block: Buckler           |       |       |       |    29 ||    29
